APP
BALTIMORE (RK+) ORIOLES @ BRISTOL PIRATES
08/06/2099
 
TOP OF THE 1ST
Baltimore (Rk+) Orioles batting - Pitching for Bristol Pirates : RHP Elias Sanchez
Pitching: RHP Elias Sanchez
Batting: RHB Mike Gonya 0-0: Ball
1-0: Ball
2-0: Swinging Strike
2-1: Ground out U3 (Groundball, 34S, EV 74.4 MPH)
Batting: RHB Jordan Stevens 0-0: Ground out 1-3 (Groundball, 15S, EV 65.6 MPH)
Batting: RHB Chris Rempert 0-0: Ball
1-0: SOLO HOME RUN (Line Drive, 89XD, EV 100.0 MPH), Distance : 387 ft
Batting: SHB Jason Massey 0-0: Fly out, F9 (Flyball, 9, EV 87.5 MPH)
Top of the 1st over - 1 run, 1 hit, 0 errors, 0 left on base; Baltimore (Rk+) 1 - Bristol 0
BOTTOM OF THE 1ST
Bristol Pirates batting - Pitching for Baltimore (Rk+) Orioles : LHP R.J. Moore
Pitching: LHP R.J. Moore
Batting: RHB Ryan Giardina 0-0: Called Strike
0-1: Ball
1-1: Ball
2-1: Ball
3-1: Foul Ball, location: 2F
3-2: Foul Ball, location: 2F
3-2: Base on Balls
Batting: SHB Angel Bonilla 0-0: 2-RUN HOME RUN (Flyball, 78XD, EV 108.1 MPH), Distance : 417 ft
Batting: RHB Mike King 0-0: Swinging Strike
0-1: Ball
1-1: Ball
2-1: Foul Ball, location: 5DF
2-2: Strikes out swinging
Batting: RHB Mark St. Germain 0-0: Ball
1-0: Called Strike
1-1: Fly out, F9 (Flyball, 9S, EV 91.3 MPH)
Batting: SHB Jonathan Dumas 0-0: Ball
1-0: Ball
2-0: Called Strike
2-1: SINGLE (Line Drive, 4D, EV 106.9 MPH)
Batting: LHB Chris Ricketts 0-0: Ball
1-0: Called Strike
1-1: Foul Ball, location: 7LDF
1-2: Ground out 4-3 (Groundball, 4, EV 103.8 MPH)
Bottom of the 1st over - 2 runs, 2 hits, 0 errors, 1 left on base; Baltimore (Rk+) 1 - Bristol 2
TOP OF THE 2ND
Baltimore (Rk+) Orioles batting - Pitching for Bristol Pirates : RHP Elias Sanchez
Batting: RHB Mike Perkins 0-0: Called Strike
0-1: Foul Ball, location: 3SF
0-2: Ball
1-2: SOLO HOME RUN (Flyball, 8RXD, EV 101.9 MPH), Distance : 429 ft
Batting: RHB Jorge Chavez 0-0: Ball
1-0: Ball
2-0: Ball
3-0: Base on Balls
Batting: RHB Edwin Santiago 0-0: Called Strike
0-1: Called Strike
0-2: Strikes out swinging
Batting: RHB Lee O'Reilly 0-0: Grounds into double play, 4-6-3 (Groundball, 4, EV 93.8 MPH)
Top of the 2nd over - 1 run, 1 hit, 0 errors, 0 left on base; Baltimore (Rk+) 2 - Bristol 2
BOTTOM OF THE 2ND
Bristol Pirates batting - Pitching for Baltimore (Rk+) Orioles : LHP R.J. Moore
Batting: RHB Jason McGhin 0-0: Ground out 6-3 (Groundball, 6S, EV 88.1 MPH)
Batting: LHB Andy Coffman 0-0: Called Strike
0-1: Foul Ball, location: 7LMFF
0-2: Strikes out swinging
Batting: LHB Andy Passero 0-0: SINGLE (Groundball, 4MD, EV 101.3 MPH)
Batting: RHB Ryan Giardina 0-0: Ground out 5-3 (Groundball, 56S, EV 81.9 MPH)
Bottom of the 2nd over - 0 runs, 1 hit, 0 errors, 1 left on base; Baltimore (Rk+) 2 - Bristol 2
TOP OF THE 3RD
Baltimore (Rk+) Orioles batting - Pitching for Bristol Pirates : RHP Elias Sanchez
Batting: RHB Lionardo Gloria 0-0: Ball
1-0: TRIPLE (Line Drive, 8RXD, EV 104.4 MPH)
Batting: RHB Mike Gonya 0-0: Ball
1-0: SINGLE (Line Drive, 7S, EV 85.6 MPH)
Lionardo Gloria scores
Batting: RHB Jordan Stevens 0-0: Foul Ball, location: 9LSF
0-1: Foul Ball, location: 9LSF
0-2: Ball
1-2: Ball
2-2: SINGLE (Line Drive, 9S, EV 110.0 MPH)
Mike Gonya to second
Batting: RHB Chris Rempert 0-0: Called Strike
0-1: Fly out, F8 (Line Drive, 8RM, EV 93.1 MPH)
Runner from 2nd tags up, SAFE at 3rd with throw by CF
Batting: SHB Jason Massey 0-0: SINGLE (Groundball, 6MD, EV 98.1 MPH)
Mike Gonya scores
Jordan Stevens to second
Batting: RHB Mike Perkins 0-0: Hit by Pitch
Jordan Stevens to third
Jason Massey to second
Batting: RHB Jorge Chavez 0-0: Called Strike
0-1: Foul Ball, location: 9LSF
0-2: Ball
1-2: Strikes out swinging
Batting: RHB Edwin Santiago 0-0: Swinging Strike
0-1: Called Strike
0-2: Ball
1-2: Fly out, F4 (Line Drive, 4, EV 72.5 MPH)
Top of the 3rd over - 2 runs, 4 hits, 0 errors, 3 left on base; Baltimore (Rk+) 4 - Bristol 2
BOTTOM OF THE 3RD
Bristol Pirates batting - Pitching for Baltimore (Rk+) Orioles : LHP R.J. Moore
Batting: SHB Angel Bonilla 0-0: Swinging Strike
0-1: Called Strike
0-2: Ball
1-2: Strikes out looking
Batting: RHB Mike King 0-0: Ball
1-0: Ball
2-0: Ball
3-0: Called Strike
3-1: Base on Balls
Batting: RHB Mark St. Germain 0-0: Foul Ball, location: 23FF
0-1: Ball
1-1: Ball
2-1: Foul Ball, location: 5SF
2-2: Ball
3-2: Foul Ball, location: 5F
3-2: Base on Balls
Mike King to second
Batting: SHB Jonathan Dumas 0-0: Called Strike
0-1: Ball
1-1: Grounds into double play, 6-4-3 (Groundball, 6M, EV 87.5 MPH)
Bottom of the 3rd over - 0 runs, 0 hits, 0 errors, 1 left on base; Baltimore (Rk+) 4 - Bristol 2
TOP OF THE 4TH
Baltimore (Rk+) Orioles batting - Pitching for Bristol Pirates : RHP Elias Sanchez
Batting: RHB Lee O'Reilly 0-0: Ball
1-0: Foul Ball, location: 3F
1-1: Called Strike
1-2: Ball
2-2: Ball
3-2: Base on Balls
Batting: RHB Lionardo Gloria 0-0: Bunt missed!
0-1: Sac Bunt to P - play at first, batter OUT! 1-3
Lee O'Reilly to second
Batting: RHB Mike Gonya 0-0: Called Strike
0-1: Swinging Strike
0-2: Ball
1-2: Foul Ball, location: 2LF
1-2: Strikes out swinging, 2-3 out at first.
Batting: RHB Jordan Stevens 0-0: Ground out 4-3 (Groundball, 4, EV 86.3 MPH)
Top of the 4th over - 0 runs, 0 hits, 0 errors, 1 left on base; Baltimore (Rk+) 4 - Bristol 2
BOTTOM OF THE 4TH
Bristol Pirates batting - Pitching for Baltimore (Rk+) Orioles : LHP R.J. Moore
Batting: LHB Chris Ricketts 0-0: Called Strike
0-1: Ball
1-1: Foul Ball, location: 25F
1-2: Strikes out swinging
Batting: RHB Jason McGhin 0-0: Ball
1-0: Called Strike
1-1: Called Strike
1-2: Strikes out swinging
Batting: LHB Andy Coffman 0-0: Ball
1-0: Foul Ball, location: 2F
1-1: Ball
2-1: SINGLE (Groundball, 4MD, EV 98.8 MPH)
Batting: LHB Andy Passero 0-0: Called Strike
0-1: Ball
1-1: Called Strike
Andy Coffman steals 2nd base
1-2: Strikes out looking
Bottom of the 4th over - 0 runs, 1 hit, 0 errors, 1 left on base; Baltimore (Rk+) 4 - Bristol 2
TOP OF THE 5TH
Baltimore (Rk+) Orioles batting - Pitching for Bristol Pirates : RHP Elias Sanchez
Batting: RHB Chris Rempert 0-0: Ball
1-0: Ball
2-0: Ball
3-0: Called Strike
3-1: Base on Balls
Batting: SHB Jason Massey 0-0: Ball
1-0: Fly out, F5 (Popup, 56, EV 66.9 MPH)
Batting: RHB Mike Perkins 0-0: Ball
1-0: Foul Ball, location: 2F
1-1: SINGLE (Flyball, 4MD, EV 93.1 MPH)
Chris Rempert to second
Runner from 2nd tries for 3rd, SAFE, throw by CF made to third
Pitching: RHP Ismael Trejo
Batting: RHB Jorge Chavez 0-0: Called Strike
0-1: Foul Ball, location: 3DF
0-2: Strikes out looking
Batting: RHB Edwin Santiago 0-0: Ball
1-0: Fly out, F9 (Flyball, 9D, EV 104.4 MPH)
Top of the 5th over - 0 runs, 1 hit, 0 errors, 2 left on base; Baltimore (Rk+) 4 - Bristol 2
BOTTOM OF THE 5TH
Bristol Pirates batting - Pitching for Baltimore (Rk+) Orioles : LHP R.J. Moore
Batting: RHB Ryan Giardina 0-0: Ball
1-0: Ball
2-0: Ball
3-0: Called Strike
3-1: Called Strike
3-2: Base on Balls
Batting: SHB Angel Bonilla 0-0: Ball
1-0: Ball
2-0: Ball
3-0: Base on Balls
Ryan Giardina to second
Batting: RHB Mike King 0-0: Ball
1-0: Called Strike
1-1: Ball
2-1: Ball
3-1: Called Strike
3-2: Base on Balls
Ryan Giardina to third
Angel Bonilla to second
Pitching: RHP Bobby Olvera
Pinch Hitting: RHB Mike Diaz 0-0: Ball
1-0: Ball
2-0: Fly out, F7 (Flyball, 7S, EV 87.5 MPH)
Pinch Hitting: RHB Randy Gabler 0-0: Called Strike
0-1: Foul Ball, location: 2F
0-2: Strikes out swinging
Pinch Hitting: RHB Andres Morales 0-0: Ball
1-0: Ball
2-0: Called Strike
2-1: Foul Ball, location: 2F
2-2: Ground out U3 (Groundball, 3, EV 85.6 MPH)
Bottom of the 5th over - 0 runs, 0 hits, 0 errors, 3 left on base; Baltimore (Rk+) 4 - Bristol 2
TOP OF THE 6TH
Baltimore (Rk+) Orioles batting - Pitching for Bristol Pirates : RHP Ismael Trejo
Now at 2B: Ryan Giardina
Now at 3B: Randy Gabler
Now in CF: Andres Morales
Now in RF: Mike Diaz
Batting: RHB Lee O'Reilly 0-0: Foul Ball, location: 9LMF
0-1: Ball
1-1: Called Strike
1-2: Ball
2-2: Strikes out swinging
Batting: RHB Lionardo Gloria 0-0: Ball
1-0: Ball
2-0: Fly out, F4 (Line Drive, 4, EV 69.4 MPH)
Batting: RHB Mike Gonya 0-0: Ball
1-0: Ball
2-0: Ball
3-0: Called Strike
3-1: Called Strike
3-2: Ground out 5-3 (Groundball, 5, EV 88.8 MPH)
Top of the 6th over - 0 runs, 0 hits, 0 errors, 0 left on base; Baltimore (Rk+) 4 - Bristol 2
BOTTOM OF THE 6TH
Bristol Pirates batting - Pitching for Baltimore (Rk+) Orioles : RHP Bobby Olvera
Pinch Hitting: SHB Eddie Moore 0-0: Ball
1-0: Called Strike
1-1: Ball
2-1: Ball
3-1: Swinging Strike
3-2: Strikes out swinging
Batting: LHB Andy Coffman 0-0: Ball
1-0: Fly out, F9 (Line Drive, 89M, EV 87.5 MPH)
Batting: LHB Andy Passero 0-0: Ball
1-0: Ball
2-0: Called Strike
2-1: Foul Ball, location: 2F
2-2: Fly out, F5 (Popup, 56, EV 66.9 MPH)
Bottom of the 6th over - 0 runs, 0 hits, 0 errors, 0 left on base; Baltimore (Rk+) 4 - Bristol 2
TOP OF THE 7TH
Baltimore (Rk+) Orioles batting - Pitching for Bristol Pirates : RHP Ismael Trejo
Pitching: LHP Juan Benavides
Now at SS: Edgar Ruiz
Batting: RHB Jordan Stevens 0-0: Called Strike
0-1: Ball
1-1: Fly out, F5 (Line Drive, 56, EV 100.0 MPH)
Batting: RHB Chris Rempert 0-0: Called Strike
0-1: Fly out, F8 (Line Drive, 8LXD, EV 98.1 MPH)
Batting: SHB Jason Massey 0-0: Foul Ball, location: 3SF
0-1: Ball
1-1: Foul Ball, location: 2F
1-2: Ball
2-2: Ball
3-2: Base on Balls
Batting: RHB Mike Perkins 0-0: SINGLE (Flyball, 7LS, EV 98.1 MPH)
Jason Massey to second
Batting: RHB Jorge Chavez 0-0: Called Strike
0-1: Swinging Strike
0-2: Strikes out swinging
Top of the 7th over - 0 runs, 1 hit, 0 errors, 2 left on base; Baltimore (Rk+) 4 - Bristol 2
BOTTOM OF THE 7TH
Bristol Pirates batting - Pitching for Baltimore (Rk+) Orioles : RHP Bobby Olvera
Pinch Hitting: RHB Corey Brickey 0-0: Called Strike
0-1: Ball
1-1: Swinging Strike
1-2: Ball
2-2: Strikes out swinging
Batting: SHB Angel Bonilla 0-0: Foul Ball, location: 9LMF
0-1: Ball
1-1: SINGLE (Groundball, 34D, EV 104.4 MPH)
Batting: RHB Mike King 0-0: Ball
1-0: Foul Ball, location: 3F
1-1: Ball
2-1: Swinging Strike
2-2: Ball
3-2: Base on Balls
Angel Bonilla to second
Batting: RHB Mike Diaz 0-0: Ball
1-0: Ball
2-0: Ball
3-0: Called Strike
3-1: Base on Balls
Angel Bonilla to third
Mike King to second
Pinch Hitting: LHB John Friedman 0-0: Ball
1-0: Ball
2-0: Ball
3-0: Base on Balls
Angel Bonilla scores
Mike King to third
Mike Diaz to second
Pitching: RHP Jeff Gifford
Batting: RHB Andres Morales 0-0: Called Strike
0-1: Swinging Strike
0-2: Strikes out swinging
Pinch Hitting: LHB Devon Cortez 0-0: Ball
1-0: Called Strike
1-1: Ball
2-1: Called Strike
2-2: Ground out 4-3 (Groundball, 4, EV 84.4 MPH)
Bottom of the 7th over - 1 run, 1 hit, 0 errors, 3 left on base; Baltimore (Rk+) 4 - Bristol 3
TOP OF THE 8TH
Baltimore (Rk+) Orioles batting - Pitching for Bristol Pirates : LHP Juan Benavides
Pitching: RHP Danny Cortez
Now at 2B: Andres Tarango
Now at 3B: Brent Cremeen
Now at SS: Mike Dewitt
Batting: RHB Edwin Santiago 0-0: Ball
1-0: Ball
2-0: Foul Ball, location: 2F
2-1: Called Strike
2-2: Strikes out looking
Batting: RHB Lee O'Reilly 0-0: Fly out, F9 (Flyball, 89S, EV 88.1 MPH)
Batting: RHB Lionardo Gloria 0-0: Swinging Strike
0-1: Ball
1-1: Foul Ball, location: 9LMF
1-2: Fly out, F8 (Line Drive, 8LM, EV 92.5 MPH)
Top of the 8th over - 0 runs, 0 hits, 0 errors, 0 left on base; Baltimore (Rk+) 4 - Bristol 3
BOTTOM OF THE 8TH
Bristol Pirates batting - Pitching for Baltimore (Rk+) Orioles : RHP Jeff Gifford
Pinch Hitting: RHB Joe Marshall 0-0: Ball
1-0: Ball
2-0: Ball
3-0: Base on Balls
Pinch Hitting: RHB Brian Pietz 0-0: Fly out, F7 (Line Drive, 7, EV 93.1 MPH)
Batting: RHB Mike Dewitt 0-0: Ball
1-0: Ball
2-0: Fly out, F9 (Flyball, 9S, EV 75.0 MPH)
Batting: SHB Angel Bonilla 0-0: Ball
1-0: Called Strike
1-1: Foul Ball, location: 2F
1-2: Fly out, F8 (Flyball, 8LM, EV 86.9 MPH)
Bottom of the 8th over - 0 runs, 0 hits, 0 errors, 1 left on base; Baltimore (Rk+) 4 - Bristol 3
TOP OF THE 9TH
Baltimore (Rk+) Orioles batting - Pitching for Bristol Pirates : RHP Danny Cortez
Pitching: RHP Dong-hee Kang
Now at C: Jesse Freeman
Now in LF: Joe Marshall
Batting: RHB Mike Gonya 0-0: Called Strike
0-1: Ball
1-1: Swinging Strike
1-2: Foul Ball, location: 2F
1-2: Strikes out swinging
Batting: RHB Jordan Stevens 0-0: Ball
1-0: Called Strike
1-1: Swinging Strike
1-2: Strikes out swinging
Batting: RHB Chris Rempert 0-0: Called Strike
0-1: Ball
1-1: Ball
2-1: Foul Ball, location: 5F
2-2: Foul Ball, location: 2F
2-2: Foul Ball, location: 2F
2-2: Ball
3-2: Base on Balls
Batting: SHB Jason Massey 0-0: Called Strike
0-1: Ball
1-1: Ball
2-1: Ground out 4-3 (Groundball, 34S, EV 88.1 MPH)
Top of the 9th over - 0 runs, 0 hits, 0 errors, 1 left on base; Baltimore (Rk+) 4 - Bristol 3
BOTTOM OF THE 9TH
Bristol Pirates batting - Pitching for Baltimore (Rk+) Orioles : RHP Jeff Gifford
Pitching: RHP Kevin Agee
Now in CF: Jose Estrada
Now in RF: Lionardo Gloria
Batting: RHB Mike King 0-0: Foul Ball, location: 23FF
0-1: Ball
1-1: Called Strike
1-2: Foul Ball, location: 5F
1-2: Strikes out swinging
Batting: RHB Mike Diaz 0-0: SINGLE (Groundball, 56D, EV 100.0 MPH)
Batting: RHB Andres Tarango 0-0: Ball
1-0: Ball
2-0: Called Strike
2-1: Ball
3-1: Grounds into double play, 5-4-3 (Groundball, 5, EV 101.3 MPH)
Bottom of the 9th over - 0 runs, 1 hit, 0 errors, 0 left on base; Baltimore (Rk+) 4 - Bristol 3
Monday, May 13th , 2024 - OOTP Baseball 24.11 Build 85